 Dungeon Crawl Stone Soup version 0.21.1-1-g345015f (webtiles) character file.

346 stinkbear the Skirmisher (level 6, -4/52 HPs)
             Began as a Draconian Skald on July 28, 2018.
             Was a Follower of Okawaru.
             Splashed by a jelly's acid (8 damage)
             ... on level 5 of the Dungeon.
             The game lasted 00:08:43 (2703 turns).

stinkbear the Skirmisher (Draconian Skald)          Turns: 2703, Time: 00:08:43

Health: -4/52      AC:  2    Str: 13    XL:     6   Next: 32%
Magic:  5/10       EV: 13    Int: 19    God:    Okawaru [*.....]
Gold:   150        SH:  0    Dex: 12    Spells: 2/10 levels left

rFire    . . .     SeeInvis .   a - +0 falchion
rCold    . . .     Gourm    .   (no shield)
rNeg     . . .     Faith    .   (armour unavailable)
rPois    .         Spirit   .   (helmet restricted)
rElec    .         Reflect  .   (no cloak)
rCorr    .         Harm     .   (no gloves)
MR       .....                  (no boots)
Stlth    +.........             (no amulet)
HPRegen  0.17/turn              (no ring)
MPRegen  0.12/turn              (no ring)

@: brilliant, infused, corroded
A: unfitting armour, cold-blooded, AC +6
a: Heroism, Renounce Religion


You were on level 5 of the Dungeon.
You worshipped Okawaru.
Okawaru was aware of your devotion.
You were very hungry.

You visited 2 branches of the dungeon, and saw 6 of its levels.

You collected 150 gold pieces.

Inventory:

Hand Weapons
 a - a +0 falchion (weapon)
Missiles
 w - a throwing net (quivered)
 x - 2 poisoned javelins
Armour
 h - a +0 buckler
 y - a +0 pair of gloves
Magical Staves
 p - an uncursed staff of air {unknown}
Jewellery
 l - an uncursed ring of stealth {unknown}
 v - an uncursed ring of protection from fire {unknown}
Scrolls
 d - 3 scrolls of remove curse {unknown}
 j - a scroll of amnesia {unknown}
 k - 7 scrolls of identify {unknown}
 n - 2 scrolls of enchant weapon {unknown}
 o - a scroll of random uselessness {unknown}
 t - 3 scrolls of teleportation {unknown}
 z - a scroll of brand weapon {unknown}
Potions
 e - a potion of lignification {unknown}
 f - a potion of curing {unknown}
 g - a potion of brilliance
 i - a potion of magic {unknown}
 m - a potion of cancellation {unknown}
 q - a potion of might {unknown}
 r - a potion of haste {unknown}
 s - a potion of berserk rage {unknown}
 u - a potion of invisibility {unknown}
Books
 b - a book of Battle

   Spells                             Type                      Level
   a - Infusion                       Charms                       1
   b - Shroud of Golubria             Charms/Translocation         2
   c - Song of Slaying                Charms                       2
   d - Spectral Weapon                Hexes/Charms                 3
   e - Regeneration                   Charms/Necromancy            3
Comestibles
 c - 10 rations
 A - 2 chunks of flesh


   Skills:
 * Level 3.8 Fighting
 * Level 3.7 Long Blades
 + Level 3.1 Dodging
 + Level 2.7 Spellcasting
 + Level 3.6 Charms
 + Level 1.1 Necromancy
 + Level 0.9 Translocations


You had 2 spell levels left.
You knew the following spells:

 Your Spells              Type           Power        Failure   Level  Hunger
a - Infusion              Chrm           ####         1%          1    None
b - Shroud of Golubria    Chrm/Tloc      ###.......   1%          2    ##.....
c - Song of Slaying       Chrm           ####....     1%          2    ##.....
d - Regeneration          Chrm/Necr      ###.......   2%          3    ###....


Dungeon Overview and Level Annotations

Branches:
Dungeon (5/15)             Temple (1/1) D:4

Altars:
Ashenzari
Cheibriados
Elyvilon
Hepliaklqana
Okawaru
Qazlal
Vehumet
Yredelemnul
Zin
The Shining One

Annotations:
D:3 robotcentaur's ghost, amateur MiTm
D:4 Tsarbomb's ghost, amateur HOMo


Innate Abilities, Weirdness & Mutations

Your plain brown scales are hard. (AC +6)
You cannot fit into any form of body armour.
You are cold-blooded and may be slowed by cold attacks.


Message History

You miss something. Something hits you but does no damage.
You barely miss something. Something hits you. Something shocks you.
Your shroud falls apart!
You closely miss something. Something hits you but does no damage.
You closely miss something. Something hits you.
* * * LOW HITPOINT WARNING * * *
Something shocks you.
* * * LOW HITPOINT WARNING * * *
You hit the jelly!
Your hands burn!
* * * LOW HITPOINT WARNING * * *
The jelly is moderately wounded.
Something hits you but does no damage. The jelly barely misses you.
Something hits you but does no damage.
Your magical contamination has completely faded away.
It was a potion of brilliance.
You feel clever all of a sudden. The jelly hits you.
* * * LOW HITPOINT WARNING * * *
The acid corrodes you!
You are splashed with acid!
The acid burns!
You die...

#...... ....... .......
.......
.......#######.......
#......#.............
#......#......####### .
#......#......#.....##..
.......'......#.........
.......#...)..#.........
.......#......{@J.......
.......#......#.....##..
######+#......########.
#......#........
#......#<.......
#......#........
#............##.
#............#
#...............


You could see a jelly.

Vanquished Creatures
  A phantom (D:4)
  A howler monkey (D:5)
  A hound (D:4)
  A bullfrog skeleton (D:4)
  Jessica (D:2)
  A worker ant (D:5)
  4 adders
  A worm (D:2)
  3 dart slugs
  4 leopard geckos
  3 orcs (D:3)
  3 bats
  2 giant cockroaches
  5 goblins
  9 hobgoblins
  A quokka (D:2)
  A ball python (D:4)
  A frilled lizard (D:2)
  5 kobolds
  A leopard gecko skeleton (D:4)
  23 rats
72 creatures vanquished.

Notes
Turn   | Place    | Note
-------+----------+-------------------------------------------
     0 | D:1      | stinkbear the Draconian Skald began the quest for the Orb.
     0 | D:1      | Reached XP level 1. HP: 17/17 MP: 3/3
   187 | D:1      | Reached XP level 2. HP: 23/24 MP: 5/5
   588 | D:2      | Learned a level 2 spell: Shroud of Golubria
   672 | D:2      | Reached XP level 3. HP: 28/30 MP: 6/6
   697 | D:2      | Found a hazy altar of Hepliaklqana.
   886 | D:2      | Learned a level 2 spell: Song of Slaying
  1131 | D:2      | Reached XP level 4. HP: 37/37 MP: 7/7
  1715 | D:2      | Noticed Jessica
  1725 | D:2      | Killed Jessica
  1913 | D:3      | Noticed robotcentaur's ghost (amateur MiTm)
  2008 | D:3      | Found an iron altar of Okawaru.
  2016 | D:3      | Became a worshipper of Warmaster Okawaru
  2103 | D:3      | Found a faded altar of an unknown god.
  2188 | D:4      | Found a staircase to the Ecumenical Temple.
  2202 | Temple   | Entered the Ecumenical Temple
  2229 | D:4      | Reached XP level 5. HP: 42/45 MP: 8/8
  2237 | D:4      | Learned a level 3 spell: Regeneration
  2320 | D:4      | Noticed a phantom
  2376 | D:4      | Killed a phantom
  2376 | D:4      | Reached XP level 6. HP: 15/52 MP: 8/10
  2508 | D:4      | Found a glowing golden altar of the Shining One.
  2525 | D:4      | Noticed Tsarbomb's ghost (amateur HOMo)
  2541 | D:5      | Entered Level 5 of the Dungeon
  2541 | D:5      | Found a shattered altar of Ashenzari.
  2690 | D:5      | Reached skill level 1 in Necromancy
  2690 | D:5      | Reached * piety under Okawaru
  2694 | D:5      | Noticed a sky beast
  2703 | D:5      | Splashed by a jelly's acid

Skill      XL: |  1  2  3  4  5  6 |
---------------+-------------------+-----
Charms         | 3 |  3.6
Fighting       | 3 |  3.8
Long Blades    | 3 |  3.7
Dodging        | 3 |  3.1
Necromancy     | 1 |  1.1
Spellcasting   | |  2.7
Translocations | |  0.9

Action                   |  1- 3 |  4- 6 || total
-------------------------+-------+-------++-------
Melee: Falchion          |   129 |   137 ||   266
       Tailslap          |    23 |    15 ||    38
 Cast: Infusion          |       |     6 ||     6
       Shroud of Golubri |       |     1 ||     1
  Use: Potion            |       |     1 ||     1
 Stab: Sleeping          |       |     1 ||     1
  Eat: Chunk             |     1 |     4 ||     5
Armor: Skin              |    43 |    33 ||    76
Dodge: Dodged            |   121 |    89 ||   210
       Rpst.: Falchion   |    41 |    21 ||    62
